 Dungeon Crawl Stone Soup version 0.30.1-3-gfc49f6343a (webtiles) character file.

Game seed: 5248463491549160393

1282 Wiggles the Cleaver (level 8, -1/68 HPs)
             Began as a Minotaur Berserker on July 28, 2023.
             Was an Elder of Trog.
             Slain by a yak (6 damage)
             ... on level 6 of the Dungeon.
             The game lasted 00:08:16 (4769 turns).

Wiggles the Cleaver (Minotaur Berserker)            Turns: 4769, Time: 00:08:16

Health: -1/68      AC: 12    Str: 26    XL:     8   Next: 29%
Magic:  7/7        EV: 11    Int:  4    God:    Trog [****..]
Gold:   213        SH:  0    Dex: 11    Spells: 7/7 levels left

rFire   + . .        a - +0 hand axe
rCold   + . .        (no shield)
rNeg    + . .        o - +2 scale mail {rN+}
rPois   .            (helmet restricted)
rElec   .            i - scarf {rC+ rF+}
rCorr   .            p - +1 pair of gloves {Str+3}
SInv    .            m - +0 pair of boots
Will    .....        (no amulet) Stlth
                     (no ring)
HPRegen 0.31/turn    (no ring)
MPRegen 0.10/turn

%: no passive effects
@: on berserk cooldown, slowed, studying Staves, very slow
A: horns 2, retaliatory headbutt
a: Renounce Religion, Berserk, Trog's Hand, Brothers in Arms


You were on level 6 of the Dungeon.
You worshipped Trog.
Trog was greatly pleased with you.
You visited 1 branch of the dungeon, and saw 6 of its levels.
You also visited: Sewer.

You collected 388 gold pieces.
You spent 175 gold pieces at shops.

Inventory:

Hand Weapons
 a - a +0 hand axe (weapon)
Armour
 i - a scarf of resistance (worn)
 m - a +0 pair of boots (worn)
 o - a +2 scale mail of positive energy (worn)
 p - a +1 pair of gloves of strength (worn)
Jewellery
 c - a ring of magical power
 t - a +6 ring of intelligence
Wands
 u - a wand of charming (23)
Scrolls
 d - a scroll of blinking {unknown}
 e - 6 scrolls of identify {unknown}
 f - 2 scrolls of fog {unknown}
 g - 2 scrolls of fear {unknown}
 j - 2 scrolls of noise {unknown}
 l - a scroll of teleportation {unknown}
 q - a scroll of enchant weapon {unknown}
 s - 2 scrolls of poison {unknown}
 v - a scroll of enchant armour {unknown}
 w - 3 scrolls of magic mapping {unknown}
 y - a scroll of vulnerability {unknown}
 z - a scroll of torment {unknown}
Potions
 b - 5 potions of curing {unknown}
 h - a potion of heal wounds {unknown}
 k - a potion of flight {unknown}
 n - 3 potions of might {unknown}
 r - a potion of experience {unknown}
 x - a potion of invisibility {unknown}
 A - a potion of resistance {unknown}
 B - a potion of lignification {unknown}


   Skills:
 - Level 5.2 Fighting
 + Level 11.2 Axes
 - Level 3.4 Armour
 - Level 3.2 Dodging
 + Level 1.1 Stealth


You had 7 spell levels left.
You didn't know any spells.
Your spell library was empty.

Dungeon Overview and Level Annotations

Branches:
Dungeon (6/15)             Temple (0/1) D:6           Sewer (visited)

Altars:
Sif Muna
Wu Jian

Shops:
D:1 [   D:4 :


Innate Abilities, Weirdness & Mutations

You have a pair of horns on your head.
You reflexively headbutt those who attack you in melee.


Message History

The yak is heavily wounded.
You hit the yak but do no damage. The yak barely misses you. The yak gores you!
The yak closely misses you. The yak gores you!
* * * LOW HITPOINT WARNING * * *
You slash the yak!
The yak is severely wounded.
You slash the yak! The yak gores you.
* * * LOW HITPOINT WARNING * * *
The yak gores you but does no damage.
You closely miss the yak.
The yak is severely wounded.
You hit the yak. The yak gores you!
* * * LOW HITPOINT WARNING * * *
The yak barely misses you.
You slash the yak!
The yak is almost dead.
You closely miss the yak. The yak barely misses you. You furiously retaliate!
You headbutt the yak!
You kill the yak!
Trog accepts your kill. The yak barely misses you.
Your Axes skill increases to level 11!
The yak barely misses you. The yak closely misses you.
You see here a yak corpse.
You barely miss the yak. You headbutt the yak, but do no damage.
The yak is moderately wounded.
The yak gores you but does no damage.
You barely miss the yak.
The yak is moderately wounded.
The yak closely misses you.
You barely miss the yak. Your headbutt misses the yak.
The yak is moderately wounded.
The yak gores you but does no damage.
You hit the yak. Your punch misses the yak.
The yak is moderately wounded.
The yak gores you but does no damage.
You barely miss the yak. You headbutt the yak.
The yak is heavily wounded.
The yak gores you.
You die...

#....... .....
#....... .....
#......#####.....
#.....>......... .
#..............
...
...........###..##
####..............
#.................
#...Y@####........
#...†.# #..[.....
#.....# #....#...
#.....# .........
#.(.†.# .......#.
#.....# .......#
##.....# ...h....#
#......# #......#


You could see a yak.

Vanquished Creatures
  4 yaks (D:6)
  2 bullfrogs (Sewer)
  A jelly (D:5)
  An orc priest (D:5)
  5 iguanas
  6 orc wizards
  A river rat (D:3)
  8 adders
  2 white imps (D:5)
  An ufetubus (D:4)
  3 worms
  A dart slug (D:2)
  19 orcs
  18 ball pythons
  4 bats
  11 endoplasms
  9 giant cockroaches
  11 goblins
  9 hobgoblins
  12 quokkas
  17 frilled lizards
  5 kobolds
  8 rats
158 creatures vanquished.

Notes
Turn   | Place    | Note
-------+----------+-------------------------------------------
     0 | D:1      | Wiggles the Minotaur Berserker began the quest for the Orb.
     0 | D:1      | Reached XP level 1. HP: 19/19 MP: 0/0
   218 | D:1      | Reached skill level 4 in Axes
   289 | D:1      | Reached XP level 2. HP: 27/27 MP: 1/1
   477 | D:1      | Found Wetsepro's Antique Armour Shop.
   966 | D:2      | Reached XP level 3. HP: 26/33 MP: 2/2
  1088 | D:2      | Reached ** piety under Trog
  1761 | D:1      | Bought a glowing scale mail for 175 gold pieces
  1896 | D:3      | Reached XP level 4. HP: 41/41 MP: 3/3
  1901 | D:3      | Reached skill level 5 in Axes
  2393 | D:3      | Found a glowing drain.
  2397 | D:3      | Reached XP level 5. HP: 47/47 MP: 4/4
  2401 | Sewer    | Entered a sewer
  2406 | Sewer    | Reached *** piety under Trog
  2671 | Sewer    | Reached **** piety under Trog
  2672 | Sewer    | Reached skill level 6 in Axes
  2700 | Sewer    | Reached skill level 5 in Fighting
  2706 | Sewer    | Reached XP level 6. HP: 34/56 MP: 5/5
  2851 | D:3      | Found a shimmering blue altar of Sif Muna.
  2851 | D:3      | Found an ornate altar of the Wu Jian Council.
  3240 | D:4      | Found Vacw's Book Boutique.
  3320 | D:4      | Reached skill level 7 in Axes
  3679 | D:5      | Entered Level 5 of the Dungeon
  3917 | D:5      | Reached skill level 8 in Axes
  3917 | D:5      | Reached XP level 7. HP: 34/61 MP: 6/6
  4534 | D:5      | Reached skill level 9 in Axes
  4692 | D:6      | Found a staircase to the Ecumenical Temple.
  4726 | D:6      | Noticed a yak
  4726 | D:6      | Noticed a yak
  4743 | D:6      | Killed a yak
  4747 | D:6      | Killed a yak
  4747 | D:6      | Noticed a yak
  4748 | D:6      | Reached skill level 10 in Axes
  4748 | D:6      | Reached skill level 1 in Stealth
  4748 | D:6      | Reached XP level 8. HP: 68/68 MP: 7/7
  4762 | D:6      | HP: 2/68 [yak (8)]
  4764 | D:6      | Reached skill level 11 in Axes
  4769 | D:6      | Slain by a yak

Illustrated notes

Levels and vault maps discovered:
D:1:      lemuel_arrival_behind_the_door_large, layout_loops_ring, serial_shops,
          shop
D:2:      layout_basic
D:3:      minmay_chambers_of_twos, layout_basic,
          gammafunk_temple_overflow_statue, portal_sewer_entry_e
D:4:      layout_loops_ring, serial_shops, shop, kennysheep_small_spiral,
          minmay_manual_monstrance
D:5:      layout_basic, serial_curves, eino_curves_01, eino_curves_04
D:6:      layout_basic, minmay_temple_entry_grid, corexii_leaking_fountain,
          uniq_maggie

Skill      XL: |  1  2  3  4  5  6  7  8 |
---------------+-------------------------+-----
Axes           | 4 5 6 8 10 11 | 11.2
Fighting       | 4 5 |  5.2
Armour         | 3 |  3.4
Dodging        | 3 |  3.2
Stealth        | 1 |  1.1

Action                     |  1- 3 |  4- 6 |  7- 9 || total
---------------------------+-------+-------+-------++-------
  Melee: Hand axe          |    81 |   216 |    73 ||   370
         Headbutt          |    15 |    26 |    14 ||    55
 Invoke: Berserk           |       |     1 |     2 ||     3
   Stab: Sleeping          |     1 |       |       ||     1
 Armour: Animal skin       |     3 |       |       ||     3
         Scale mail        |     4 |   116 |    24 ||   144
         Leather armour    |     2 |       |       ||     2
  Dodge: Dodged            |    33 |   142 |    32 ||   207
